2933 views
Uploaded 2020-02-21 17:55:04
Game version 1.32 / 1.32.1
15:27 long 2on2 ladder game on (4)PhantomGrove_LV
Saved by iggythefisk
2933 views
Uploaded 2020-02-21 17:55:04
Game version 1.32 / 1.32.1
15:27 long 2on2 ladder game on (4)PhantomGrove_LV


45 units @ 6k
/ 0.6k
23 buildings @ 3.9k
/ 1.4k



| Healing Salve | 3 | 300 |
| Lesser Clarity Potion | 3 | 210 |
| Scroll of Speed | 2 | 100 |
| Potion of Healing | 2 | 300 |
| Orb of Lightning | 1 | 375 |
| Scroll of Town Portal | 2 | 700 |
| total: | 13 | 1985g |
| Peon | 14 | 1050 | / | 0 |
| Grunt | 6 | 1200 | / | 0 |
| Shaman | 4 | 520 | / | 80 |
| total: | 24 | 2770g | / | 80w |
| Barracks | 1 | 180 | / | 50 |
| Orc Burrow | 6 | 960 | / | 240 |
| Altar of Storms | 1 | 180 | / | 50 |
| Voodoo Lounge | 1 | 130 | / | 30 |
| Great Hall | 1 | 385 | / | 185 |
| War Mill | 1 | 205 | / | 0 |
| Spirit Lodge | 1 | 150 | / | 150 |
| Stronghold | 1 | 315 | / | 190 |
| Fortress | 1 | 325 | / | 190 |
| total: | 12 | 2190g | / | 705w |
| 0:03 | Peon |
| 0:03 | Peon |
| 0:11 | Barracks |
| 0:18 | Orc Burrow |
| 0:22 | Peon |
| 0:28 | Peon |
| 0:46 | Peon |
| 1:06 | Altar of Storms |
| 1:16 | Grunt |
| 1:39 | Orc Burrow |
| 1:55 | Peon |
| 2:01 | Peon |
| 2:35 | Grunt |
| 2:55 | Cleaving Attack |
| 3:03 | Grunt |
| 3:16 | Voodoo Lounge |
| 3:39 | Great Hall |
| 4:15 | Stronghold |
| 4:20 | Rain of Fire |
| 4:34 | Healing Salve |
| 4:35 | Lesser Clarity Potion |
| 4:38 | Scroll of Speed |
| 4:59 | Orc Burrow |
| 5:23 | Grunt |
| 6:16 | Peon |
| 6:26 | Grunt |
| 6:28 | War Mill |
| 6:40 | Berserker Strength |
| 7:19 | Rain of Fire |
| 8:20 | Fortress |
| 8:23 | Grunt |
| 9:10 | Spirit Lodge |
| 9:35 | Cleaving Attack |
| 10:26 | Lesser Clarity Potion |
| 10:29 | Healing Salve |
| 10:35 | Scroll of Town Portal |
| 10:40 | Potion of Healing |
| 10:40 | Healing Salve |
| 10:40 | Lesser Clarity Potion |
| 10:43 | Shaman Adept Training |
| 10:43 | Shaman |
| 10:54 | Hex |
| 10:57 | Shaman Master Training |
| 10:57 | Shaman |
| 11:05 | Orc Burrow |
| 11:48 | Orb of Lightning |
| 11:48 | Potion of Healing |
| 11:48 | Scroll of Speed |
| 11:51 | War Stomp |
| 12:52 | Orc Burrow |
| 12:55 | Orc Burrow |
| 12:58 | Peon |
| 12:58 | Peon |
| 12:58 | Peon |
| 13:11 | Peon |
| 13:11 | Peon |
| 13:32 | Scroll of Town Portal |
| 13:37 | Peon |
| 14:51 | Shaman |
| 14:51 | Shaman |
| 15:05 | Healing Wave |
| 15:26 | Rain of Fire |
| Right click | 573 |
| Select | 322 |
| Build/train/purchase | 62 |
| Use ability | 31 |
| Resource trade | 18 |
| Minimap ping | 7 |
| Remove unit | 3 |


| Rod of Necromancy | 2 | 300 |
| Potion of Mana | 2 | 400 |
| Orb of Corruption | 1 | 375 |
| Scroll of Town Portal | 1 | 350 |
| total: | 6 | 1425g |
| Acolyte | 3 | 225 | / | 0 |
| Ghoul | 10 | 1200 | / | 0 |
| Abomination | 6 | 1440 | / | 420 |
| Obsidian Statue | 2 | 400 | / | 70 |
| total: | 21 | 3265g | / | 490w |
| Nerubian Tower | 2 | 200 | / | 40 |
| Crypt | 1 | 200 | / | 50 |
| Altar of Darkness | 1 | 180 | / | 50 |
| Ziggurat | 5 | 750 | / | 250 |
| Tomb of Relics | 1 | 130 | / | 30 |
| Graveyard | 1 | 215 | / | 0 |
| Slaughterhouse | 2 | 280 | / | 270 |
| Halls of the Dead | 1 | 320 | / | 210 |
| Black Citadel | 1 | 325 | / | 230 |
| total: | 11 | 1755g | / | 650w |
| 0:05 | Acolyte |
| 0:05 | Acolyte |
| 0:22 | Crypt |
| 0:24 | Altar of Darkness |
| 0:34 | Ziggurat |
| 1:06 | Acolyte |
| 1:11 | Ziggurat |
| 1:23 | Ghoul |
| 1:27 | Tomb of Relics |
| 1:31 | Ghoul |
| 1:51 | Ghoul |
| 1:54 | Ghoul |
| 2:17 | Ghoul |
| 2:24 | Death Coil |
| 2:31 | Rod of Necromancy |
| 2:54 | Halls of the Dead |
| 3:14 | Graveyard |
| 4:12 | Ghoul |
| 4:30 | Nerubian Tower |
| 4:36 | Nerubian Tower |
| 4:52 | Ghoul |
| 5:09 | Unholy Strength |
| 5:25 | Black Citadel |
| 5:40 | Rod of Necromancy |
| 5:45 | Potion of Mana |
| 6:14 | Slaughterhouse |
| 6:17 | Slaughterhouse |
| 6:38 | Ziggurat |
| 6:54 | Unholy Aura |
| 7:16 | Unholy Armor |
| 7:18 | Improved Unholy Strength |
| 8:24 | Abomination |
| 8:26 | Death Coil |
| 8:45 | Ziggurat |
| 8:50 | Ghoul |
| 8:50 | Ghoul |
| 8:50 | Ghoul |
| 9:42 | Abomination |
| 9:44 | Orb of Corruption |
| 9:47 | Potion of Mana |
| 9:54 | Frost Nova |
| 10:12 | Abomination |
| 10:37 | Disease Cloud |
| 10:51 | Ghoul Frenzy |
| 10:53 | Abomination |
| 11:17 | Obsidian Statue |
| 11:19 | Unholy Aura |
| 11:33 | Improved Unholy Armor |
| 11:36 | Ziggurat |
| 11:41 | Frost Armor |
| 12:35 | Obsidian Statue |
| 12:36 | Abomination |
| 12:38 | Advanced Unholy Armor |
| 13:03 | Scroll of Town Portal |
| 14:57 | Abomination |
| Right click | 662 |
| Select | 319 |
| Build/train/purchase | 61 |
| Use ability | 23 |
| Minimap ping | 6 |
| Resource trade | 4 |
| Item give/drop | 2 |
| Remove unit | 2 |
70 units @ 9.2k
/ 0.7k
31 buildings @ 4.1k
/ 1.6k


| Scroll of Regeneration | 2 | 200 |
| Scroll of Town Portal | 1 | 350 |
| total: | 3 | 550g |
| Peasant | 18 | 1350 | / | 0 |
| Footman | 4 | 540 | / | 0 |
| Rifleman | 15 | 3075 | / | 450 |
| total: | 37 | 4965g | / | 450w |
| Scout Tower | 1 | 30 | / | 20 |
| Arcane Tower | 1 | 70 | / | 50 |
| Altar of Kings | 1 | 180 | / | 50 |
| Barracks | 2 | 320 | / | 120 |
| Farm | 7 | 560 | / | 140 |
| Town Hall | 2 | 770 | / | 410 |
| Blacksmith | 1 | 140 | / | 60 |
| Arcane Vault | 1 | 130 | / | 30 |
| Lumber Mill | 1 | 120 | / | 0 |
| Keep | 1 | 320 | / | 210 |
| total: | 16 | 2250g | / | 830w |
| 0:00 | Peasant |
| 0:03 | Altar of Kings |
| 0:09 | Peasant |
| 0:17 | Barracks |
| 0:24 | Peasant |
| 0:32 | Farm |
| 0:38 | Peasant |
| 0:46 | Peasant |
| 0:53 | Farm |
| 1:09 | Peasant |
| 1:19 | Footman |
| 1:25 | Peasant |
| 1:28 | Farm |
| 1:43 | Footman |
| 1:51 | Peasant |
| 2:02 | Footman |
| 2:05 | Summon Water Elemental |
| 2:31 | Footman |
| 2:53 | Town Hall |
| 3:13 | Blacksmith |
| 3:32 | Peasant |
| 3:33 | Peasant |
| 4:12 | Town Hall |
| 4:23 | Peasant |
| 4:26 | Rifleman |
| 4:38 | Scout Tower |
| 4:48 | Farm |
| 4:49 | Farm |
| 4:56 | Brilliance Aura |
| 5:35 | Arcane Tower |
| 5:45 | Peasant |
| 6:08 | Peasant |
| 6:08 | Peasant |
| 6:13 | Rifleman |
| 6:15 | Barracks |
| 6:17 | Peasant |
| 6:42 | Rifleman |
| 6:44 | Arcane Vault |
| 7:36 | Rifleman |
| 7:36 | Rifleman |
| 8:09 | Rifleman |
| 8:13 | Rifleman |
| 8:36 | Summon Water Elemental |
| 8:41 | Rifleman |
| 8:41 | Rifleman |
| 8:51 | Keep |
| 9:15 | Rifleman |
| 9:16 | Rifleman |
| 9:41 | Rifleman |
| 10:18 | Scroll of Regeneration |
| 10:41 | Rifleman |
| 10:41 | Rifleman |
| 11:13 | Brilliance Aura |
| 11:18 | Rifleman |
| 11:25 | Peasant |
| 11:33 | Peasant |
| 12:08 | Storm Bolt |
| 12:42 | Peasant |
| 12:44 | Farm |
| 12:44 | Farm |
| 12:50 | Long Rifles |
| 12:54 | Black Gunpowder |
| 12:59 | Scroll of Town Portal |
| 12:59 | Scroll of Regeneration |
| 13:38 | Lumber Mill |
| Right click | 1317 |
| Select | 615 |
| Select group | 385 |
| Assign group | 121 |
| Build/train/purchase | 77 |
| Misc. action | 23 |
| Use ability | 12 |
| Minimap ping | 8 |
⇛
iggythefisk
(15:23) : 

| Scroll of Regeneration | 3 | 300 |
| Scroll of Town Portal | 1 | 350 |
| total: | 4 | 650g |
| Peasant | 10 | 750 | / | 0 |
| Footman | 8 | 1080 | / | 0 |
| Sorceress | 9 | 1395 | / | 180 |
| Priest | 4 | 540 | / | 40 |
| Spell Breaker | 2 | 430 | / | 60 |
| total: | 33 | 4195g | / | 280w |
| Scout Tower | 1 | 30 | / | 20 |
| Arcane Tower | 1 | 70 | / | 50 |
| Altar of Kings | 1 | 180 | / | 50 |
| Barracks | 1 | 160 | / | 60 |
| Farm | 8 | 640 | / | 160 |
| Arcane Vault | 1 | 130 | / | 30 |
| Town Hall | 1 | 385 | / | 205 |
| Arcane Sanctum | 2 | 300 | / | 280 |
| Keep | 1 | 320 | / | 210 |
| total: | 15 | 1825g | / | 805w |
| 0:01 | Peasant |
| 0:03 | Altar of Kings |
| 0:08 | Peasant |
| 0:18 | Barracks |
| 0:21 | Peasant |
| 0:33 | Farm |
| 0:34 | Peasant |
| 0:49 | Farm |
| 0:59 | Peasant |
| 1:14 | Peasant |
| 1:19 | Footman |
| 1:24 | Peasant |
| 1:36 | Footman |
| 1:46 | Peasant |
| 1:56 | Footman |
| 2:07 | Summon Water Elemental |
| 2:35 | Keep |
| 2:40 | Farm |
| 2:59 | Brilliance Aura |
| 3:12 | Arcane Vault |
| 3:30 | Footman |
| 3:45 | Footman |
| 4:08 | Farm |
| 4:13 | Defend |
| 5:00 | Footman |
| 5:03 | Arcane Sanctum |
| 5:05 | Arcane Sanctum |
| 5:17 | Peasant |
| 5:51 | Footman |
| 6:03 | Scroll of Regeneration |
| 6:21 | Sorceress Adept Training |
| 6:23 | Priest Adept Training |
| 6:29 | Sorceress Master Training |
| 6:30 | Farm |
| 6:32 | Farm |
| 6:57 | Sorceress |
| 6:59 | Storm Bolt |
| 7:17 | Sorceress |
| 7:55 | Sorceress |
| 8:15 | Sorceress |
| 8:23 | Footman |
| 9:03 | Priest |
| 9:07 | Scroll of Regeneration |
| 9:42 | Summon Water Elemental |
| 10:30 | Priest |
| 10:44 | Farm |
| 11:09 | Town Hall |
| 11:14 | Scout Tower |
| 11:18 | Sorceress |
| 11:40 | Arcane Tower |
| 11:53 | Spell Breaker |
| 12:11 | Bash |
| 12:49 | Peasant |
| 12:56 | Sorceress |
| 12:58 | Sorceress |
| 13:08 | Scroll of Regeneration |
| 13:09 | Scroll of Town Portal |
| 13:54 | Sorceress |
| 13:55 | Farm |
| 13:57 | Priest |
| 13:59 | Spell Breaker |
| 14:48 | Sorceress |
| 14:48 | Priest |
| Right click | 914 |
| Assign group | 417 |
| Select | 376 |
| Select group | 259 |
| Build/train/purchase | 81 |
| Misc. action | 72 |
| Use ability | 19 |
| Resource trade | 15 |
| Chat | 6 |
| Remove unit | 3 |
| Item give/drop | 1 |